 Dungeon Crawl Stone Soup version 0.13.0-25-g43d4df3 (webtiles) character file.

892 M4edhros the Sneak (level 7, -1/45 HPs)
             Began as an Octopode Artificer on Oct 27, 2013.
             Engulfed by a cloud of flame (26 damage)
             ... on Level 6 of the Dungeon on Oct 28, 2013.
             The game lasted 00:10:14 (4930 turns).

M4edhros the Sneak (Octopode Artificer)             Turns: 4930, Time: 00:10:14

HP  -1/45        AC  1     Str 11      XL: 7   Next: 58%
MP  12/12        EV 14     Int 14      God:
Gold 223         SH  0     Dex 12      Spells:  0 memorised,  6 levels left

Res.Fire  : . . .   See Invis. : .   x - +3,+2 dwarf hand axe (venom)
Res.Cold  : . . .   Warding    : .   (no shield)
Life Prot.: . . .   Conserve   : .   (helmet restricted)
Res.Poison: .       Res.Corr.  : .   (no amulet)
Res.Elec. : .       Clarity    : .   (no ring)
Sust.Abil.: . .     Spirit.Shd : .   (no ring)
Res.Mut.  : .       Stasis     : .   (no ring)
Res.Rott. : .       Flight     : .   (no ring)
Saprovore : . . .                    (no ring)
                                     (no ring)
                                     (no ring)
                                     (no ring)

@: slightly resistant to hostile enchantments, very stealthy
A: almost no armour, amphibious, 8 rings, constrict 8, spike 1, camouflage 1,
deformed body, AC +1, Int -2
a: no special abilities


You were on level 6 of the Dungeon.
You were not hungry.

You visited 1 branch of the dungeon, and saw 6 of its levels.

You collected 203 gold pieces.

Inventory:

Hand weapons
 a - a +0,+0 short sword
 n - a +0,+0 trident
 u - a +2 blowgun
 x - a +3,+2 dwarven hand axe of venom (weapon)
 H - a +0,+0 crossbow
Missiles
 v - 5 poisoned needles
Magical devices
 b - a wand of flame (1)
 c - a wand of enslavement (9)
 d - a wand of random effects (10)
 t - a wand of polymorph (10)
Comestibles
 f - 3 bread rations
 j - 2 meat rations
 A - a lemon
 D - a choko
 G - an apple
Scrolls
 e - a scroll of amnesia {unknown}
 g - a scroll of magic mapping {unknown}
 h - a scroll of curse weapon {unknown}
 i - a scroll of identify {unknown}
 k - a scroll of enchant weapon I {unknown}
 m - 2 scrolls of remove curse {unknown}
 o - a scroll of enchant armour {unknown}
 p - a scroll of blinking {unknown}
 q - a scroll of curse jewellery {unknown}
 s - a scroll of recharging
 y - a scroll of curse armour {unknown}
 z - a scroll of fear {unknown}
 E - a scroll of vulnerability {unknown}
 F - a scroll of teleportation {unknown}
 I - a scroll of random uselessness {unknown}
Jewellery
 l - an uncursed ring of invisibility {unknown}
 r - a cursed ring of hunger {unknown}
 C - an uncursed ring of poison resistance {unknown}
Potions
 w - a potion of berserk rage {unknown}
 B - a potion of curing


   Skills:
 - Level 2.0 Fighting
 - Level 2.1 Short Blades
 - Level 0.8 Axes
 - Level 4.6 Dodging
 + Level 7.6 Stealth
 - Level 4.8 Evocations


You had 6 spell levels left.
You didn't know any spells.

Dungeon Overview and Level Annotations

Branches:
Dungeon (6/27)
 Temple: D:4-7          Orc: D:6-11

Altars:
Xom

Annotations:
D:5 Leibowitz's ghost, average KoFi


Innate Abilities, Weirdness & Mutations

You cannot wear most types of armour.
You are amphibious.
You can wear up to eight rings at the same time.
You can use your tentacles to constrict many enemies at once.
Your skin changes colour to match your surroundings (Stlth).
Your rubbery body absorbs attacks (AC +1).
One of your tentacles bears a spike.
Your body is misshapen.
You are dopey. (Int -2)


Message History

Really walk into a travel-excluded area? [Y]es or [N]o only, please.
Really walk into a travel-excluded area?
There is a stone staircase leading down here.
Found 16 gold pieces.
Found a potion of heal wounds and a cyan potion.
Really walk into a travel-excluded area?
Okay, then.
Really walk into a travel-excluded area? [Y]es or [N]o only, please.
Really walk into a travel-excluded area?
You now have 223 gold pieces (gained 16).
Really walk into a travel-excluded area? [Y]es or [N]o only, please.
Really walk into a travel-excluded area?
You are engulfed in roaring flames.
You are engulfed in roaring flames.
One of your 2 scrolls labeled ENAJAI SKIUN catches fire!
Ouch! That really hurt!
You die...

#.....# ##§## #.#
#.....####### #.#
#>.....§§#8# §.#
#.....###### #.#
#.....# #§# #.#
#.....# #§# #.#
#.....####§####.#
#........§§§....#
#........@#######
#.........#
#.........#
#.........#
#.........#
#.........#
#....!..!.#
..........
........#


There were no monsters in sight!

Vanquished Creatures
  2 ogres
  A centaur (D:5)
  A giant frog (D:5)
  2 hounds (D:4)
  A scorpion (D:5)
  A worker ant (D:4)
  2 orc wizards (D:4)
  9 adders
  A giant mite (D:3)
  An iguana zombie (D:5)
  2 oozes
  12 orcs
  2 bat skeletons (D:4)
  3 giant cockroaches
  8 hobgoblins
  4 jackals
  6 kobolds
  5 quokkas
  A ball python (D:1)
  11 bats
  2 giant geckos
  3 giant newts
  12 goblins
  A quokka zombie (D:5)
  11 rats
104 creatures vanquished.

Vanquished Creatures (others)
  An adder (D:6)
1 creature vanquished.

Grand Total: 105 creatures vanquished

Notes
Turn   | Place    | Note
--------------------------------------------------------------
     0 | D:1      | M4edhros, the Octopode Artificer, began the quest for the Orb.
     0 | D:1      | Reached XP level 1. HP: 14/14 MP: 1/1
   220 | D:1      | Reached XP level 2. HP: 17/19 MP: 3/3
   530 | D:1      | Gained mutation: One of your tentacles bears a spike. [potion of mutation]
   530 | D:1      | Gained mutation: Your body is misshapen. [potion of mutation]
   530 | D:1      | Gained mutation: You are dopey. (Int -2) [potion of mutation]
   728 | D:2      | Reached skill level 4 in Evocations
   728 | D:2      | Reached XP level 3. HP: 21/24 MP: 5/5
  1246 | D:3      | Reached XP level 4. HP: 29/29 MP: 6/6
  2032 | D:4      | Reached XP level 5. HP: 34/34 MP: 8/8
  2831 | D:4      | Reached XP level 6. HP: 14/40 MP: 10/10
  3177 | D:4      | Noticed an ogre
  3188 | D:4      | Killed an ogre
  3188 | D:4      | Reached skill level 5 in Stealth
  3476 | D:5      | Entered Level 5 of the Dungeon
  4185 | D:5      | Reached skill level 6 in Stealth
  4185 | D:5      | Reached XP level 7. HP: 40/45 MP: 12/12
  4281 | D:5      | Noticed Leibowitz's ghost (average KoFi)
  4298 | D:5      | Found a shimmering altar of Xom.
  4792 | D:5      | Reached skill level 7 in Stealth
  4930 | D:6      | Engulfed by a cloud of flame

Action                   |  1- 3 |  4- 6 |  7- 9 || total
-------------------------+-------+-------+-------++-------
Melee: Short sword       |    71 |    60 |       ||   131
       Hand axe          |       |    56 |    30 ||    86
Evoke: Wand              |     4 |    18 |     5 ||    27
  Use: Potion            |     7 |     2 |       ||     9
 Stab: Sleeping          |     7 |     8 |     3 ||    18
       Distracted        |       |     1 |       ||     1
